 Dungeon Crawl Stone Soup version 0.31.0 (webtiles) character file.

Game seed: 4841980375911077957

49 qw the Shooter (level 3, -4/22 HPs)
             Began as a Gargoyle Hunter on Jan 19, 2024.
             Slain by a gnoll
             ... wielding a +0 whip
              (5 damage)
             ... on level 2 of the Dungeon.
             The game lasted 00:00:03 (1083 turns).

qw the Shooter (Gargoyle Hunter)                    Turns: 1083, Time: 00:00:04

Health: -4/22      AC:  6    Str: 14    XL:     3   Next: 75%
Magic:  3/3        EV: 11    Int:  9    God:
Gold:   38         SH:  0    Dex: 15    Spells: 2/2 levels left

rFire   . . .        a - +0 shortbow
rCold   . . .        (shield currently unavailable)
rNeg    + . .        c - +0 leather armour
rPois   inf          (no helmet)
rElec   +            (no cloak)
rCorr   .            (no gloves)
SInv    .            (no boots)
Will    .....        (no amulet)
Stlth   ++           (no ring)
HPRegen 0.23/turn    (no ring)
MPRegen 0.08/turn

%: no passive effects
@: no status effects
A: sickness immunity, AC +3, negative energy resistance 1, electricity
resistance, torment resistance 1, petrification resistance
a: no special abilities


You were on level 2 of the Dungeon.
You visited 1 branch of the dungeon, and saw 2 of its levels.

You collected 38 gold pieces.


Innate Abilities, Weirdness & Mutations

You are immune to sickness and miasma.
Your stone body is resilient. (AC +3)
You are immune to poison.
You resist negative energy. (rN+)
You are resistant to electric shocks. (rElec)
You are resistant to unholy torment.
You are immune to petrification.


   Skills:
 + Level 2.9 Fighting
 - Level 5.0 Ranged Weapons
 - Level 1.5 Dodging
 - Level 1.1 Stealth


You had 2 spell levels left.
You didn't know any spells.
Your spell library was empty.

Inventory:

Hand Weapons
 a - a +0 shortbow (weapon)
Armour
 c - a +0 leather armour (worn)
Scrolls
 e - a scroll of identify {unknown}
Potions
 b - a potion of haste {unknown}
 d - 2 potions of curing
 h - a potion of mutation {unknown}

Dungeon Overview and Level Annotations

Branches:
Dungeon (2/15)

Altars:


Message History

You kill the adder!
Found a stone staircase leading up.
Enter note: A gnoll comes into view. It is wielding a +0 whip.
The gnoll shouts!
You shoot an arrow. The arrow closely misses the gnoll.
You shoot an arrow. The arrow hits the gnoll.
The gnoll is moderately wounded.
You shoot an arrow. The arrow completely misses the gnoll.
The gnoll barely misses you.
A gnoll comes into view. It is wielding a +0 spear.
You shoot an arrow. The arrow closely misses the gnoll.
The gnoll hits you but does no damage.
A gnoll comes into view. It is wielding a +0 whip.
Enter note: You shoot an arrow.
The gnoll shouts!
The arrow hits the gnoll.
The gnoll is heavily wounded.
The gnoll closely misses you.
A giant cockroach comes into view.
You shoot an arrow. The arrow barely misses the gnoll.
The gnoll misses you. The gnoll hits you with a +0 whip. The gnoll misses you.
You shoot an arrow. The arrow barely misses the gnoll.
The gnoll hits you from afar with a +0 spear!
The gnoll barely misses you.
You shoot an arrow. The arrow closely misses the gnoll.
The gnoll hits you from afar with a +0 spear.
The gnoll closely misses you. The gnoll hits you with a +0 whip.
You shoot an arrow. The arrow hits the gnoll.
The gnoll is severely wounded.
The gnoll hits you from afar with a +0 spear.
The gnoll hits you with a +0 whip. The gnoll barely misses you.
The giant cockroach barely misses you.
You shoot an arrow. The arrow hits the gnoll.
The gnoll is almost dead.
The gnoll barely misses you.
The gnoll hits you from afar with a +0 spear.
The gnoll hits you with a +0 whip.
You die...

#......#7
.##......## #
<##.......# #.
##.##.#...##. # #.
...##.#...##.
#.##.###
#..##.##.###.
#....g.# #..##.##.#
##
#....gg####..##.##.#
#....B@......##.##.#
##.....####.##...#.#
#.....# #........#
###.### ####.#.###
#. .###.# ## ## ##


You could see 3 gnolls and a giant cockroach.

Vanquished Creatures
  2 adders
  A ribbon worm (D:2)
  4 ball pythons
  2 endoplasms
  A giant cockroach (D:1)
  3 goblins (D:1)
  2 hobgoblins
  3 quokkas (D:1)
  3 bats
  2 frilled lizards (D:1)
  3 kobolds
26 creatures vanquished.

Notes
Turn   | Place    | Note
-------+----------+-------------------------------------------
     0 | D:1      | qw the Gargoyle Hunter began the quest for the Orb.
     0 | D:1      | Reached XP level 1. HP: 12/12 MP: 1/1
     0 | D:1      | 0 ||| qw: Version: 0.3-a-132-g3d54051
     0 | D:1      | 0 ||| qw: Game counter: 296
     0 | D:1      | 0 ||| qw: Melee chars always use a shield: true
     0 | D:1      | 0 ||| qw: God list: Okawaru
     0 | D:1      | 0 ||| qw: Allow faded altars: false
     0 | D:1      | 0 ||| qw: Do Orc after clearing Dungeon:15 true
     0 | D:1      | 0 ||| qw: Do second Lair branch before Depths: true
     0 | D:1      | 0 ||| qw: Lair rune preference: random
     0 | D:1      | 0 ||| qw: Goals: Normal
     0 | D:1      | 0 ||| PLANNING D:1-11
   112 | D:1      | Reached XP level 2. HP: 17/17 MP: 2/2
   801 | D:1      | 801 ||| READING scroll labelled DIMONA WANUOPP.
   802 | D:1      | 802 ||| READING scroll labelled JEAXE ENITZAAR.
   803 | D:1      | 803 ||| READING scroll labelled WUGEZISUQI.
   804 | D:1      | 804 ||| DRINKING 3 bubbling blue potions.
   805 | D:1      | 805 ||| DROPPING scroll of butterflies.
   821 | D:2      | 821 ||| STAIRDANCE
   835 | D:2      | 835 ||| STAIRDANCE
   845 | D:1      | Reached skill level 5 in Ranged Weapons
   845 | D:1      | Reached XP level 3. HP: 20/21 MP: 3/3
  1082 | D:2      | HP: 5/22 [gnoll/+0 spear (2)]
  1082 | D:2      | HP: 2/22 [gnoll/+0 whip (3)]
  1083 | D:2      | Slain by a gnoll

Levels and vault maps discovered:
D:1:      lightli_arrival_farm, layout_basic
D:2:      layout_loops_ring, serial_shops, shop_scrolls, basic_altar,
          minivault_5, st_stairs_12, grunt_ministairs_8

Skill      XL: |  1  2 |
---------------+-------+-----
Ranged Weapons | 5 |  5.0
Fighting       | |  2.9
Dodging        | |  1.5
Stealth        | |  1.1

Action                     || total
---------------------------++-------
   Fire: Shortbow          ||    82
    Use: Scroll            ||     3
         Potion            ||     1
 Armour: Leather armour    ||    21
  Dodge: Dodged            ||    30

Table legend:
 A = Non-vault XP
 B = Vault XP
 C = Vault XP percentage of total XP
 D = Non-vault monster count
 E = Vault monster count
 F = Vault count percentage of total count
                 A         B        C        D         E       F
            +---------+---------+-------+---------+---------+-------
      Total |      66 |       4 |   5.7 |      24 |       2 |   7.7
            +---------+---------+-------+---------+---------+-------
        D:1 |      41 |       2 |   4.7 |      17 |       1 |   5.6
        D:2 |      25 |       2 |   7.4 |       7 |       1 |  12.5
            +---------+---------+-------+---------+---------+-------
